 Dungeon Crawl Stone Soup version 0.28-a0-577-gb193047a1f (webtiles) character file.

Game seed: 16675632509715696990

4946 iamoutofideas the Severer (level 10, 0/88 HPs)
             Began as a Hill Orc Gladiator on Oct 1, 2021.
             Was an Initiate of Gozag.
             Slain by an orc warrior (4 damage)
             ... on level 8 of the Dungeon.
             The game lasted 00:15:41 (11562 turns).

iamoutofideas the Severer (Hill Orc Gladiator)     Turns: 11562, Time: 00:15:42

Health: 0/88       AC: 14    Str: 21    XL:     10   Next: 52%
Magic:  10/10      EV: 12    Int:  8    God:    Gozag
Gold:   315        SH:  0    Dex: 18    Spells: 9/9 levels left

rFire   + + +      SeeInvis .   e - +2 broad axe
rCold   + . .      Faith    .   (no shield)
rNeg    . . .      Spirit   .   o - +0 fire dragon scales
rPois   .          Reflect  .   c - +0 helmet
rElec   .          Harm     .   r - scarf {rC+ rF+}
rCorr   .          Rampage  .   w - +2 pair of gloves
Will    .....                   (no boots)
Stlth   ..........              (no amulet)
HPRegen 0.24/turn               u - ring of protection from cold
MPRegen 0.12/turn               D - +6 ring of dexterity

@: gold aura
A: no striking features
a: Renounce Religion, Potion Petition, Call Merchant, Bribe Branch


You were on level 8 of the Dungeon.
You worshipped Gozag.
Gozag was aware of your devotion.
You visited 2 branches of the dungeon, and saw 11 of its levels.

You collected 1277 gold pieces.
You spent 237 gold pieces at shops.
You paid 725 gold pieces to Gozag.

Inventory:

Hand Weapons
 a - a +0 war axe
 e - a +2 broad axe (weapon)
 f - a +3 battleaxe
 h - a +2 vorpal hand axe
 z - the +1 whip of Conflict {distort, rN+ Str-5 Dex+2}
   (You found it on level 5 of the Dungeon)

   It warps and distorts space around it, and may blink, banish, or inflict
   extra damage upon those it strikes.
   Unwielding it can cause banishment or high damage.
   Str:       It affects your strength (-5).
   Dex:       It affects your dexterity (+2).
   rN:        It protects you from negative energy.
 K - the +6 mace of Righteous Fury {flame, rPois Str+3 Dex-2}
   (You found it on level 7 of the Dungeon)

   It burns those it strikes, dealing additional fire damage.
   Str:       It affects your strength (+3).
   Dex:       It affects your dexterity (-2).
   rPois:     It protects you from poison.
Missiles
 d - 3 throwing nets (quivered)
 v - 2 boomerangs of dispersal
Armour
 c - a +0 helmet (worn)
 i - a +3 leather armour of cold resistance
 l - a +0 chain mail
 o - +0 fire dragon scales (worn)
 r - a scarf of resistance (worn)
 w - a +2 pair of gloves (worn)
Jewellery
 u - a ring of protection from cold (left hand)
 A - a ring of see invisible
 D - a +6 ring of dexterity (right hand)
 F - a +6 ring of dexterity
 J - a ring of positive energy
Wands
 x - a wand of flame (14)
 B - a wand of iceblast (22)
Scrolls
 k - a scroll of silence {unknown}
 n - a scroll of vulnerability
 q - a scroll of fog
 y - a scroll of amnesia {unknown}
 C - a scroll of holy word
 E - 2 scrolls of teleportation
 G - a scroll of summoning {unknown}
 I - a scroll of fear {unknown}
Potions
 b - a potion of attraction
 g - a potion of haste
 j - 2 potions of degeneration
 m - 3 potions of lignification
 p - 2 potions of flight
 t - 2 potions of brilliance


   Skills:
 + Level 7.7 Fighting
 + Level 16.1 Axes
 + Level 1.7 Throwing
 + Level 4.8 Armour
 + Level 4.5 Dodging


You had 9 spell levels left.
You didn't know any spells.
Your spell library contained the following spells:

 Spells                   Type           Power      Damage    Failure   Level
 Animate Skeleton         Necr           0%         N/A       80%         1
 Apportation              Tloc           0%         N/A       80%         1
 Foxfire                  Conj/Fire      0%         2x1d4     80%         1
 Pain                     Necr           0%         1d4       80%         1
 Static Discharge         Conj/Air       0%         N/A       91%         2
 Sublimation of Blood     Necr           0%         N/A       91%         2
 Wereblood                Tmut           0%         N/A       91%         2
 Conjure Flame            Conj/Fire      0%         6-21      99%         3
 Inner Flame              Hex/Fire       0%         N/A       99%         3
 Vampiric Draining        Necr           0%         2d6       99%         3
 Animate Armour           Summ/Erth      0%         N/A       100%        4
 Flame Wave               Conj/Fire      0%         3d3       100%        4
 Alistair's Intoxication  Tmut/Pois      0%         N/A       100%        5
 Blade Hands              Tmut           0%         N/A       100%        5
 Lightning Bolt           Conj/Air       0%         1d11      100%        5
 Invisibility             Hex            0%         N/A       100%        6
 Iron Shot                Conj/Erth      0%         9d1       100%        6
 Summon Hydra             Summ           0%         N/A       100%        7
 Borgnjor's Revivificati  Necr           0%         N/A       100%        8
 Maxwell's Capacitive Co  Air            0%         ∞         100%        8
 Necromutation            Tmut/Necr      0%         N/A       100%        8
 Death's Door             Necr           0%         N/A       100%        9


Dungeon Overview and Level Annotations

Branches:
Dungeon (10/15)            Temple (1/1) D:5            Lair (0/6) D:8
    Orc (0/2) D:9

Altars:
Ashenzari
Cheibriados
Dithmenos
Elyvilon
Fedhas
Gozag
Hepliaklqana
Kikubaaqudgha
Makhleb
Nemelex Xobeh
Okawaru
Qazlal
Ru
Sif Muna
Trog
Uskayaw
Vehumet
Wu Jian
Xom
Yredelemnul
Zin
The Shining One

Shops:
D:6 (

Annotations:
D:3 1 runed translucent door, siradein's ghost, amateur SpAK
D:7 exclusion: 2 downstairs
D:9 Erolcha


Message History

Things that are here:
19 gold pieces; a +0 giant club; a +0 giant spiked club You closely miss the orc.
The orc completely misses you.
You barely miss the orc.
An orc comes into view. It is wielding a +0 club.
You slash the orc!
You kill the orc!
You slash the orc warrior!
The orc warrior hits you with a +0 hand axe!
* * * LOW HITPOINT WARNING * * *
The orc throws a boomerang.
The boomerang closely misses you.
The orc warrior hits you with a +0 hand axe.
* * * LOW HITPOINT WARNING * * *
Things that are here:
7 gold pieces; a +0 hand axe You barely miss the orc priest.
You hit the orc warrior.
The orc priest calls down the wrath of Beogh upon you.
You struggle to resist.
The orc warrior hits you with a +0 hand axe!
* * * LOW HITPOINT WARNING * * *
The orc priest shouts, "Join the one true god or die!"
Okay, then.
Okay, then.
Okay, then.
Okay, then.
Okay, then.
Okay, then.
Okay, then.
Okay, then.
You slice the orc priest!!
You kill the orc priest!
You closely miss the orc warrior.
The orc throws a boomerang.
The boomerang closely misses you.
Okay, then.
Okay, then.
You barely miss the orc warrior.
The orc warrior is severely wounded.
The orc warrior hits you with a +0 hand axe.
You die...
Your body crumbles into a pile of gold.

###### #....# #....#
############ #...>#
#..........####....#####
#..........#.............
.............##.o........
._.P.......###.$@$....###
...)...)...#.........##
####.)##.....).....#.o..
#####.##..##.....#######
.............##.##
.....[...######.#
...........####.#
.........PP..##.#
.....P....P.....#######


You could see an orc warrior and an orc.

Vanquished Creatures
  A two-headed ogre (D:8)
  Joseph (D:9)
  A troll (D:9)
  A hornet (D:9)
  A yak (D:7)
  A wyvern (D:5)
  3 water moccasins
  An acid dragon (D:9)
  2 orc warriors
  An ice beast (D:5)
  A sky beast (D:8)
  A black bear (D:8)
  A centaur (D:9)
  2 ogres
  A phantom (D:4)
  A kobold brigand (D:7)
  3 bullfrogs
  5 scorpions
  A wyvern skeleton (D:7)
  2 water moccasin zombies
  A water moccasin skeleton (D:4)
  A howler monkey (D:9)
  3 bullfrog zombies
  6 centaur zombies
  6 hounds
  4 jellies
  3 orc priests
  2 bullfrog skeletons (D:5)
  3 centaur skeletons
  5 iguanas
  5 orc wizards
  2 hound skeletons
  2 howler monkey zombies
  A howler monkey skeleton (D:5)
  6 adders
  2 ufetubi
  A worm (D:2)
  A dart slug (D:2)
  28 orcs
  13 bats
  6 endoplasms
  3 giant cockroaches
  3 goblins
  6 hobgoblins
  4 jackals (D:1)
  6 quokkas
  2 ball pythons
  6 frilled lizards
  6 kobolds
  5 rats
173 creatures vanquished.

Vanquished Creatures (others)
  15 fungi (D:8)
  12 plants (D:8)
27 creatures vanquished.

Grand Total: 200 creatures vanquished

Notes
Turn   | Place    | Note
-------+----------+-------------------------------------------
     0 | D:1      | iamoutofideas the Hill Orc Gladiator began the quest for
                  | the Orb.
     0 | D:1      | Reached XP level 1. HP: 18/18 MP: 1/1
    87 | D:1      | Reached XP level 2. HP: 21/25 MP: 2/2
   362 | D:1      | Reached skill level 5 in Axes
   861 | D:1      | Found a faded altar of an unknown god.
  1016 | D:1      | Reached XP level 3. HP: 30/30 MP: 3/3
  1299 | D:2      | Reached skill level 6 in Axes
  1362 | D:2      | Reached XP level 4. HP: 34/37 MP: 4/4
  1778 | D:2      | Noticed an ogre
  1783 | D:2      | Killed an ogre
  1784 | D:2      | Reached skill level 7 in Axes
  1784 | D:2      | Reached XP level 5. HP: 42/42 MP: 5/5
  2223 | D:3      | Noticed siradein's ghost (amateur SpAK)
  2578 | D:3      | Reached skill level 8 in Axes
  2635 | D:3      | Found a runed translucent door.
  2957 | D:4      | Noticed a phantom
  3216 | D:4      | Killed a phantom
  3217 | D:4      | Reached skill level 9 in Axes
  3217 | D:4      | Reached XP level 6. HP: 49/50 MP: 6/6
  3671 | D:4      | Reached skill level 10 in Axes
  3671 | D:4      | Reached XP level 7. HP: 55/56 MP: 7/7
  3968 | D:4      | Found a shimmering altar of Xom.
  3968 | D:4      | Found an opulent altar of Gozag.
  4040 | D:4      | Found a broken altar of Ashenzari.
  4157 | D:4      | Became a worshipper of Gozag Ym Sagoz the Greedy
  4590 | D:5      | Entered Level 5 of the Dungeon
  4590 | D:5      | Found a staircase to the Ecumenical Temple.
  4624 | Temple   | Entered the Ecumenical Temple
  4859 | D:5      | Reached skill level 11 in Axes
  5013 | D:5      | Identified the +1 whip of Conflict {distort, rN+ Str-5
                  | Dex+2}
  5170 | D:5      | Found a hazy altar of Hepliaklqana.
  5170 | D:5      | Found an ornate altar of the Wu Jian Council.
  5170 | D:5      | Found a hide-covered altar of Uskayaw.
  5235 | D:5      | Reached XP level 8. HP: 59/62 MP: 8/8
  5288 | D:5      | Reached skill level 12 in Axes
  5444 | D:5      | Reached skill level 1 in Armour
  5946 | D:6      | Reached skill level 13 in Axes
  6229 | D:6      | Noticed a wyvern
  6250 | D:5      | Killed a wyvern
  6251 | D:5      | Reached XP level 9. HP: 26/72 MP: 9/9
  6868 | D:6      | Found Qejaimadd's Antique Weapon Boutique.
  7218 | D:7      | Reached skill level 5 in Fighting
  7218 | D:7      | Reached skill level 14 in Axes
  7985 | D:7      | Identified the +6 mace of Righteous Fury {flame, rPois
                  | Str+3 Dex-2}
  8083 | D:8      | Found a staircase to the Lair.
  8647 | D:6      | Bought a runed battleaxe for 237 gold pieces
  8891 | D:8      | Found a stormy altar of Qazlal.
  8943 | D:8      | Noticed a two-headed ogre
  9788 | D:9      | Reached skill level 15 in Axes
  9819 | D:10     | Entered Level 10 of the Dungeon
  9859 | D:9      | Reached XP level 10. HP: 52/84 MP: 10/10
 10140 | D:9      | Found a sparkling altar of Nemelex Xobeh.
 10240 | D:9      | Noticed Joseph
 10279 | D:9      | Killed Joseph
 10549 | D:9      | Found a glowing golden altar of the Shining One.
 10684 | D:9      | Found a staircase to the Orcish Mines.
 10769 | D:9      | Paralysed by a hornet for 3 turns
 11332 | D:9      | Noticed Erolcha
 11554 | D:8      | Killed a two-headed ogre
 11555 | D:8      | Reached skill level 16 in Axes
 11560 | D:8      | HP: 4/88 [orc warrior (8)]
 11562 | D:8      | Slain by an orc warrior

Illustrated notes

Levels and vault maps discovered:
D:1:      lemuel_arrival_funnel, layout_basic,
          shapermc_ecumenical_altar_flowoftime, minmay_misc_feat_pillars,
          minmay_bisected
D:2:      layout_loops_ring, patterned_corridor
D:3:      layout_loops_ring, hellmonk_ghost_happy_afterlife,
          grunt_decor_fettered
D:4:      layout_basic, amethyst_overflow_temple_binary,
          mainiacjoe_overflow_alcove_1, bh_walls_and_bars
D:5:      layout_cave_pools, gammafunk_temple_overflow_claw,
          minmay_temple_entry_trees
D:6:      layout_cave_pools, serial_shops,
          nicolae_shop_competitors_out_of_business
D:7:      layout_loops_cross, minmay_misc_feat_cross, roderic_batcave
D:8:      layout_rooms, mainiacjoe_overflow_tiny_flanked,
          grunt_lair_entry_orc_guard_hut, nrook_uturn
D:9:      layout_loops_corners, lemuel_tele_altar,
          nemelex_xobeh_ov_fountains_minmay, orc_0_dummy, uniq_joseph,
          uniq_erolcha
D:10:     layout_irregular_city, nicolae_trove_entry_isolated
Temple:   nicolae_temple_figure_eight

Skill      XL: |  1  2  3  4  5  6  7  8  9 10 |
---------------+-------------------------------+-----
Axes           | 5 6 7 9 10 11 13 15 16 | 16.1
Armour         | 2 4 |  4.8
Fighting       | 4 6 7 |  7.7
Dodging        | 3 4 |  4.5
Throwing       | |  1.7

Action                   |  1- 3 |  4- 6 |  7- 9 | 10-12 || total
-------------------------+-------+-------+-------+-------++-------
Melee: War axe           |    60 |   123 |   441 |    71 ||   695
       Broad axe         |       |       |       |    15 ||    15
Invok: Potion Petition   |       |       |     1 |     2 ||     3
  Use: Potion            |       |       |     5 |     5 ||    10
       Scroll            |       |       |    15 |       ||    15
 Stab: Sleeping          |       |       |     2 |       ||     2
       Distracted        |       |       |     2 |       ||     2
Armor: Leather armour    |    16 |    48 |   154 |    26 ||   244
       Skin              |       |       |       |     8 ||     8
Dodge: Dodged            |    44 |    79 |   258 |    37 ||   418

Table legend: (Time is in decaauts)
 A = Elapsed time spent in this place.
 B = Non-inter-level travel time spent in this place.
 C = Inter-level travel time spent in this place.
 D = Time resting spent in this place.
 E = Time spent auto-exploring this place.
 F = Levels seen in this place.
 G = Mean time per level.
                   A        B        C        D        E       F      G
               +--------+--------+--------+--------+--------+-----+--------+
         Total |  11496 |  10920 |    576 |   2945 |   6155 |  11 | 1045.1 |
       Dungeon |  11277 |  10713 |    564 |   2945 |   5948 |  10 | 1127.7 |
        Temple |    219 |    207 |     12 |      0 |    207 |   1 |  219.0 |
               +--------+--------+--------+--------+--------+-----+--------+

Top non-repeatable levels by time:
     D:7: 1824 daAuts
     D:9: 1822 daAuts
     D:4: 1497 daAuts
     D:1: 1282 daAuts
     D:5: 1277 daAuts
     D:6: 1016 daAuts
     D:3: 996 daAuts
     D:2: 841 daAuts
     D:8: 715 daAuts
  Temple: 219 daAuts
    D:10: 1 daAuts
